[Event "Team 45 45 League T92"]
[Site "Internet Chess Club"]
[Date "2022.06.06"]
[Round "8"]
[White "achessman"]
[Black "primerpaso"]
[Result "1/2-1/2"]
[WhiteElo "1833"]
[BlackElo "1862"]
[Opening "Sicilian: Alapin's variation (2.c3)"]
[ECO "B22"]
[Time "14:24:49"]
[PlyCount "117"]
[TimeControl "2700+45"]

1. e4 c5 2. c3 d5 3. exd5 Qxd5 4. d4 Nf6 5. Nf3 Bg4 6. Be2 e6 7. h3 Bh5 8. O-O
Be7 9. Be3 cxd4 10. cxd4 O-O 11. Nc3 Qd8 12. Qb3 b6 13. g4 Bg6 14. Ne5 Nbd7 15.
Bf3 Nxe5 16. dxe5 Nd7 17. Bxa8 Qxa8 18. f4 Bd3 19. Rf2 Bh4 20. Rd1 Bxf2+ 21.
Kxf2 Ba6 22. Rxd7 Qh1 23. Nb5 Qh2+ 24. Ke1 Qh1+ 25. Ke2 Qc6 26. Rd6 Qxb5+ 27.
Qxb5 Bxb5+ 28. Kd2 Rc8 29. f5 exf5 30. gxf5 Kf8 31. Bd4 Ke7 32. f6+ gxf6 33.
Rxf6 Rc6 34. Rf3 Rg6 35. Ra3 Rg2+ 36. Ke1 a5 37. Rb3 Bc4 38. Rxb6 Bxa2 39. Rh6
Bb1 40. Ra6 Rh2 41. Bc5+ Kd7 42. Ra7+ Ke6 43. Re7+ Kd5 44. Bf2 Rxh3 45. Rxf7 Rb3
46. Ra7 Rb5 47. Bg3 Rxb2 48. Rxa5+ Ke6 49. Ra6+ Ke7 50. Bh4+ Ke8 51. e6 Rb8 52.
Kf2 Bg6 53. Kg3 Kf8 54. Kf4 Kg7 55. Ra7+ Kh6 56. Bf6 Rb5 57. Bg7+ Kh5 58. Be5
Rb4+ 59. Kg3 {Game drawn by mutual agreement} 1/2-1/2

[Event "Team 45 45 League T92"]
[Site "Internet Chess Club"]
[Date "2022.06.04"]
[Round "8"]
[White "Portola"]
[Black "BuddyT"]
[Result "1-0"]
[WhiteElo "1684"]
[BlackElo "1577"]
[Opening "Queen's pawn game, Darooha variation "]
[ECO "D02"]
[Time "16:02:15"]
[PlyCount "83"]
[TimeControl "2700+45"]

1. d4 Nf6 2. Nf3 d5 3. c3 Bf5 4. Bf4 e6 5. e3 c5 6. Bxb8 Qxb8 7. Bb5+ Kd8 8. Ne5
Bg6 9. Qe2 Bd6 10. Nc6+ bxc6 11. Bxc6 c4 12. Bxa8 Qxa8 13. a4 Bd3 14. Qd1 Qb8
15. Qc1 Bxh2 16. Nd2 Ng4 17. Nf1 Bd6 18. f4 Ke7 19. Rh4 f5 20. g3 g5 21. Rh3
gxf4 22. exf4 Qg8 23. a5 Nf6 24. Qd2 Ne4 25. Qh2 h5 26. Ne3 h4 27. Rxh4 Rxh4 28.
Qxh4+ Kd7 29. O-O-O Nxg3 30. Kd2 Ne4+ 31. Kc1 Kc6 32. Rh1 Qb8 33. Rh2 Bxf4 34.
Rh3 Nxc3 35. Qe7 Ne2+ 36. Kd1 Nxd4 37. Qa3 Be2+ 38. Kc1 Nb3+ 39. Kb1 Bd3+ 40.
Ka2 Nc1+ 41. Ka1 Qb4 42. Qxb4 {Black resigns} 1-0

[Event "Team 45 45 League T92"]
[Site "Internet Chess Club"]
[Date "2022.06.04"]
[Round "8"]
[White "kabindra"]
[Black "QuieroAprender"]
[Result "0-1"]
[WhiteElo "1675"]
[BlackElo "1667"]
[Opening "French: advance, Milner-Barry gambit"]
[ECO "C02"]
[Time "15:01:13"]
[PlyCount "74"]
[TimeControl "2700+45"]

1. e4 e6 2. d4 d5 3. e5 c5 4. c3 Nc6 5. Nf3 Qb6 6. Bd3 cxd4 7. cxd4 Bd7 8. O-O
Nxd4 9. Nbd2 Rc8 10. Nxd4 Qxd4 11. Nf3 Qb6 12. Ng5 Be7 13. Nxh7 g6 14. Ng5 Bb5
15. Qf3 Bxg5 16. Bxg5 Bxd3 17. Qxd3 Qxb2 18. Rab1 Qxe5 19. f4 Qc7 20. f5 Qxh2+
21. Kf2 Rh5 22. Rh1 Qc7 23. Rhc1 Qd7 24. fxe6 Qxe6 25. Re1 Rxg5 26. Rxe6+ fxe6
27. Qb5+ Rc6 28. Qxb7 Rc2+ 29. Kf1 Rgxg2 30. Qb8+ Kf7 31. Rb7+ Ne7 32. Qf4+ Ke8
33. Rb8+ Kd7 34. Qa4+ Nc6 35. Rb7+ Kc8 36. Rf7 Rh2 37. Rh7 Rc1+ {White resigns}
0-1

[Event "Team 45 45 League T92"]
[Site "Internet Chess Club"]
[Date "2022.06.04"]
[Round "8"]
[White "jfkingiii"]
[Black "zethhon"]
[Result "0-1"]
[WhiteElo "1459"]
[BlackElo "1539"]
[Opening "Sicilian: Alapin's variation (2.c3)"]
[ECO "B22"]
[Time "19:30:21"]
[PlyCount "76"]
[TimeControl "2700+45"]

1. e4 c5 2. c3 d5 3. exd5 Qxd5 4. d4 cxd4 5. Nf3 Bg4 6. cxd4 Bxf3 7. Qxf3 Qxf3
8. gxf3 Nf6 9. Bb5+ Nbd7 10. Nc3 a6 11. Ba4 b5 12. Bb3 g6 13. Be3 Bg7 14. Rc1
O-O 15. Ne4 Rac8 16. O-O Nb6 17. Nc5 a5 18. a3 Nbd5 19. Rc2 Rc7 20. Rfc1 Rfc8
21. Ne4 Rxc2 22. Nxf6+ Bxf6 23. Bxc2 Nxe3 24. fxe3 b4 25. Kf1 b3 26. Ke2 bxc2
27. Kd2 e5 28. d5 e4 29. fxe4 Bxb2 30. Rxc2 Rxc2+ 31. Kxc2 Bxa3 32. e5 Kf8 33.
Kb3 Bc1 34. e4 Bf4 35. Ka4 Bxh2 36. Kxa5 Bxe5 37. Kb6 Ke7 38. Kc6 h5 {White
resigns} 0-1

[Event "Team 45 45 League T92"]
[Site "Internet Chess Club"]
[Date "2022.06.05"]
[Round "8"]
[White "bobhill"]
[Black "Sloggi"]
[Result "0-1"]
[WhiteElo "1882"]
[BlackElo "2035"]
[Opening "Queen's bishop game"]
[ECO "D02"]
[Time "22:03:42"]
[PlyCount "76"]
[TimeControl "2700+45"]

1. d4 d5 2. Nf3 Nf6 3. Bf4 c5 4. e3 Nc6 5. c3 Qb6 6. Qb3 c4 7. Qc2 Bf5 8. Qc1 e6
9. Nbd2 h6 10. Be2 Be7 11. O-O Nh5 12. Ne5 Nxf4 13. exf4 Qc7 14. Re1 Nxe5 15.
fxe5 b5 16. Nf1 O-O 17. Ng3 Bh7 18. Qe3 Rfb8 19. Nh5 Qd8 20. Qg3 g6 21. Nf4 b4
22. Bg4 Rb6 23. Qh3 Rab8 24. g3 Bf8 25. Re3 a5 26. Qf1 a4 27. h4 a3 28. b3 cxb3
29. axb3 bxc3 30. Rxc3 Rxb3 31. Rxb3 Rxb3 32. Qa6 Qb6 33. Qa8 Qxd4 34. Nxe6
Rxg3+ 35. Kf1 Qxa1+ 36. Ke2 Qb2+ 37. Kf1 Qb1+ 38. Ke2 Qd3+ {White resigns} 0-1

[Event "Team 45 45 League T92"]
[Site "Internet Chess Club"]
[Date "2022.06.06"]
[Round "8"]
[White "fishhead"]
[Black "LookImYourVader"]
[Result "0-1"]
[WhiteElo "1688"]
[BlackElo "1781"]
[Opening "Sicilian: O'Kelly variation"]
[ECO "B28"]
[Time "17:02:02"]
[PlyCount "106"]
[TimeControl "2700+45"]

1. e4 c5 2. Nf3 a6 3. d4 cxd4 4. Nxd4 Nf6 5. Nc3 e5 6. Nb3 Bb4 7. Bg5 Bxc3+ 8.
bxc3 Qc7 9. Bxf6 Qxc3+ 10. Qd2 Qxd2+ 11. Nxd2 gxf6 12. Nc4 O-O 13. Nd6 Nc6 14.
Bc4 Nb4 15. Kd2 b5 16. Bb3 Rb8 17. a4 Rb6 18. Nf5 d5 19. Ne7+ Kg7 20. Nxc8 Rxc8
21. c3 Nc6 22. exd5 Ne7 23. Rhd1 Rd8 24. Kc2 Rbd6 25. axb5 axb5 26. Rd3 f5 27.
Rad1 f4 28. Kb2 Ra8 29. Re1 Kf6 30. Rh3 Rg8 31. Rh6+ Rg6 32. Rxg6+ fxg6 33. Rd1
e4 34. Ka3 Ke5 35. Kb4 Nxd5+ 36. Kc5 e3 37. fxe3 fxe3 38. Re1 Rd8 39. Kxb5 Rb8+
40. Kc4 Rc8+ 41. Kb5 Rb8+ 42. Kc4 Rc8+ 43. Kb5 Rxc3 44. Bc4 Nf4 45. g3 Nd5 46.
Re2 Kd4 47. Ba2 Rc5+ 48. Ka6 Nb4+ 49. Kb6 Nxa2 50. Rxa2 Rc3 51. Ra7 e2 52. Rd7+
Ke3 53. Re7+ Kd2 {White resigns} 0-1

[Event "Team 45 45 League T92"]
[Site "Internet Chess Club"]
[Date "2022.06.05"]
[Round "8"]
[White "Beetlejuice"]
[Black "liujf"]
[Result "1-0"]
[WhiteElo "1709"]
[BlackElo "1548"]
[Opening "English: Bremen system, Keres variation"]
[ECO "A23"]
[Time "15:17:53"]
[PlyCount "53"]
[TimeControl "2700+45"]

1. c4 e5 2. Nc3 Nf6 3. g3 c6 4. Nf3 e4 5. Nd4 Bc5 6. Nb3 Bb6 7. c5 Bc7 8. Bg2
Qe7 9. Qc2 e3 10. fxe3 b6 11. Nb5 cxb5 12. Bxa8 O-O 13. Bf3 bxc5 14. Qxc5 Qxc5
15. Nxc5 d6 16. Ne4 Nxe4 17. Bxe4 Nd7 18. b3 Ne5 19. Bb2 Re8 20. Bd5 Ng4 21. O-O
Be6 22. Bxe6 Rxe6 23. Rac1 Re7 24. Ba3 h5 25. Rf5 Bb6 26. Rxh5 Nxe3 27. Rc8+
{Black resigns} 1-0

[Event "Team 45 45 League T92"]
[Site "Internet Chess Club"]
[Date "2022.06.07"]
[Round "8"]
[White "fvafier"]
[Black "Rookmaster"]
[Result "1-0"]
[WhiteElo "1512"]
[BlackElo "1490"]
[Opening "Réti opening"]
[ECO "A04"]
[Time "06:00:44"]
[PlyCount "95"]
[TimeControl "2700+45"]

1. Nf3 d6 2. g3 e5 3. e4 Nf6 4. d3 Nbd7 5. Bg2 c6 6. Nbd2 Qc7 7. O-O Be7 8. a4
h6 9. Nh4 Nf8 10. Nf5 Bxf5 11. exf5 g6 12. fxg6 Nxg6 13. Bh3 d5 14. Qe2 O-O 15.
Nf3 Bd6 16. Bxh6 Rfe8 17. Qd2 Bf8 18. Bf5 Nh7 19. h4 Bxh6 20. Qxh6 Ngf8 21. Ng5
f6 22. Nxh7 Nxh7 23. Bxh7+ Qxh7 24. Qxf6 e4 25. Qg5+ Kf7 26. Qf4+ Kg8 27. dxe4
Rxe4 28. Qg5+ Qg7 29. Qxg7+ Kxg7 30. Rfe1 Rae8 31. Rxe4 Rxe4 32. b3 Re2 33. Rc1
Kf6 34. Kg2 Kf5 35. Kf3 Re7 36. g4+ Kf6 37. Rg1 Re4 38. g5+ Kf5 39. g6 Rf4+ 40.
Ke3 Re4+ 41. Kd3 Re8 42. g7 Rg8 43. h5 Kf6 44. h6 Kf7 45. Kd4 b6 46. Rg3 a5 47.
h7 c5+ 48. Kxd5 {Black resigns} 1-0

[Event "Team 45 45 League T92"]
[Site "Internet Chess Club"]
[Date "2022.06.05"]
[Round "8"]
[White "gera-carp75"]
[Black "timcent"]
[Result "0-1"]
[WhiteElo "1790"]
[BlackElo "1858"]
[Opening "Sicilian defense"]
[ECO "B30"]
[Time "12:07:37"]
[PlyCount "78"]
[TimeControl "2700+45"]

1. e4 c5 2. Nf3 Nc6 3. Nc3 e5 4. Bc4 Be7 5. Nd5 d6 6. d3 Bg4 7. c3 Nf6 8. Ne3
Be6 9. Bxe6 fxe6 10. Ng5 Qd7 11. Ng4 O-O 12. Bd2 Nxg4 13. Qxg4 Bxg5 14. Bxg5 Qf7
15. Be3 b5 16. O-O b4 17. f3 bxc3 18. bxc3 Rab8 19. Rf2 Rb5 20. Raf1 Rfb8 21.
Bc1 Qg6 22. Qxg6 hxg6 23. h3 Rb1 24. Ba3 Rxf1+ 25. Rxf1 Rb5 26. Bc1 Rb1 27. Kf2
Ra1 28. a3 Ra2+ 29. Kg3 Rc2 30. c4 Nd4 31. Bg5 Rb2 32. Rf2 Rb3 33. Be7 Rb6 34.
Bd8 Rb7 35. Kg4 Nc6 36. Bh4 Rb3 37. Rd2 Rxa3 38. Rb2 Nb4 39. Be7 Rxd3 {White
resigns} 0-1

[Event "Team 45 45 League T92"]
[Site "Internet Chess Club"]
[Date "2022.06.03"]
[Round "8"]
[White "Alec-hine"]
[Black "cadmiumorange"]
[Result "1/2-1/2"]
[WhiteElo "1657"]
[BlackElo "1789"]
[Opening "QGD: Chigorin defense"]
[ECO "D07"]
[Time "13:00:07"]
[PlyCount "58"]
[TimeControl "2700+45"]

1. d4 d5 2. c4 Nc6 3. cxd5 Qxd5 4. Nf3 e5 5. Nxe5 Nxd4 6. Nd3 Bf5 7. Nc3 Qa5 8.
e3 Nb5 9. Bd2 O-O-O 10. e4 Bg6 11. Qg4+ f5 12. exf5 Nf6 13. Qc4 Nd6 14. Qb3 Qxf5
15. O-O-O Ng4 16. Be1 Be7 17. h4 Ne5 18. Nxe5 Qxe5 19. Qd5 Qf6 20. Bd3 Bf7 21.
Qa5 Qf4+ 22. Kb1 Kb8 23. Qa4 Qxa4 24. Nxa4 Ne4 25. Bc2 Nc5 26. Bc3 Ne6 27. Be5
Rxd1+ 28. Rxd1 Bxh4 29. Rh1 Be7 {Game drawn by mutual agreement} 1/2-1/2

[Event "Team 45 45 League T92"]
[Site "Internet Chess Club"]
[Date "2022.06.05"]
[Round "8"]
[White "KidRattler"]
[Black "mnpaulson"]
[Result "1-0"]
[WhiteElo "1668"]
[BlackElo "1530"]
[Opening "Benko's opening"]
[ECO "A00"]
[Time "10:18:24"]
[PlyCount "51"]
[TimeControl "2700+45"]

1. g3 d5 2. Bg2 Nf6 3. c4 d4 4. d3 e5 5. Bg5 Bd6 6. Nd2 h6 7. Bxf6 Qxf6 8. b4
Bxb4 9. Qa4+ Nc6 10. Bxc6+ Qxc6 11. Qxb4 Qxh1 12. Qb5+ Kd8 13. Nf3 Bg4 14. O-O-O
f6 15. Qxb7 Kd7 16. c5 Be6 17. Nxe5+ fxe5 18. Qxh1 Bxa2 19. Nf3 Ke6 20. Qg2 Rab8
21. Kd2 Rb2+ 22. Ke1 Rhb8 23. Qh3+ Ke7 24. Nxe5 Re8 25. Qd7+ Kf8 26. Ng6+ {Black
resigns} 1-0

[Event "Team 45 45 League T92"]
[Site "Internet Chess Club"]
[Date "2022.06.02"]
[Round "8"]
[White "primerpaso"]
[Black "BRJAK0530"]
[Result "0-1"]
[WhiteElo "1864"]
[BlackElo "1850"]
[Opening "English: symmetrical variation"]
[ECO "A37"]
[Time "12:06:15"]
[PlyCount "69"]
[TimeControl "2700+45"]

1. c4 g6 2. Nc3 c5 3. g3 Bg7 4. Bg2 Nc6 5. Nf3 e6 6. d3 Nge7 7. Bd2 O-O 8. h4 d5
9. cxd5 exd5 10. h5 Bg4 11. h6 Bh8 12. Qa4 Qd7 13. Nh2 Be6 14. a3 a6 15. Qd1 b5
16. Rc1 Rad8 17. Nf3 Rfe8 18. Kf1 Nf5 19. Bg5 Rc8 20. Nh4 Nxh4 21. Rxh4 Nd4 22.
Bd2 a5 23. Rh1 a4 24. e3 Nb3 25. Rc2 b4 26. Ne2 Qb5 27. Be1 Bf5 28. Nf4 d4 29.
Re2 dxe3 30. Rxe3 Bxb2 31. Qe2 Bd4 32. axb4 cxb4 33. Rxe8+ Rxe8 34. Qc2 Nc5 35.
Kg1 {White resigns} 0-1

[Event "Team 45 45 League T92"]
[Site "Internet Chess Club"]
[Date "2022.06.05"]
[Round "8"]
[White "pmarcal"]
[Black "LookImYourVader"]
[Result "1/2-1/2"]
[WhiteElo "1739"]
[BlackElo "1768"]
[Opening "Scandinavian (center counter) defense"]
[ECO "B01"]
[Time "15:35:12"]
[PlyCount "47"]
[TimeControl "2700+45"]

1. e4 d5 2. exd5 Qxd5 3. d4 e5 4. Nf3 Bg4 5. Be2 exd4 6. c4 Bb4+ 7. Bd2 Bxd2+ 8.
Qxd2 Qc5 9. Qxd4 Qxd4 10. Nxd4 Bxe2 11. Kxe2 Nf6 12. Nc3 O-O 13. Rhe1 Nbd7 14.
Kf1 Rfe8 15. Ndb5 Kf8 16. b3 Rec8 17. Re2 a6 18. Nd4 Nc5 19. Rd1 Re8 20. Red2
Nfe4 21. Nxe4 Nxe4 22. Rd3 Nc5 23. R3d2 Ne4 24. Rd3 {Game drawn by mutual
agreement} 1/2-1/2

[Event "Team 45 45 League T92"]
[Site "Internet Chess Club"]
[Date "2022.06.03"]
[Round "8"]
[White "elmaestro"]
[Black "marioseixas1992"]
[Result "1-0"]
[WhiteElo "1707"]
[BlackElo "1552"]
[Opening "Bird's opening"]
[ECO "A02"]
[Time "12:17:41"]
[PlyCount "33"]
[TimeControl "2700+45"]

1. f4 Nf6 2. Nf3 g6 3. e3 Bg7 4. Be2 O-O 5. O-O d6 6. d3 Nbd7 7. e4 e5 8. f5
gxf5 9. exf5 e4 10. Ng5 exd3 11. cxd3 h6 12. Nh3 Nh7 13. Nc3 Bxc3 14. bxc3 Ng5
15. Nxg5 hxg5 16. f6 Nxf6 17. Bxg5 {Black resigns} 1-0

[Event "Team 45 45 League T92"]
[Site "Internet Chess Club"]
[Date "2022.06.04"]
[Round "8"]
[White "WillC"]
[Black "burlap"]
[Result "0-1"]
[WhiteElo "1521"]
[BlackElo "1456"]
[Opening "Queen's pawn game"]
[ECO "D02"]
[Time "09:00:21"]
[PlyCount "72"]
[TimeControl "2700+45"]

1. d4 d5 2. Nf3 c6 3. b3 Nf6 4. Bb2 Bf5 5. e3 e6 6. Be2 Bd6 7. O-O Nbd7 8. Nbd2
Qb8 9. c4 O-O 10. Rc1 h6 11. Re1 Ne4 12. Nf1 Bb4 13. N1d2 Nxd2 14. Nxd2 Bd6 15.
Nf3 Nf6 16. Ne5 Qc7 17. f4 Bb4 18. Rf1 Nd7 19. Bf3 Nxe5 20. fxe5 Qd8 21. a3 Be7
22. Qe2 f6 23. exf6 Bxf6 24. Bc3 Be7 25. b4 Bd6 26. e4 dxe4 27. Bxe4 Qh4 28. g3
Qxe4 29. Qd2 Be7 30. Rce1 Bg5 31. Qb2 Be3+ 32. Rf2 Bxf2+ 33. Qxf2 Qd3 34. Re3
Be4 35. Qe1 Rf1+ 36. Qxf1 Qxe3+ {White resigns} 0-1

[Event "Team 45 45 League T92"]
[Site "Internet Chess Club"]
[Date "2022.06.06"]
[Round "8"]
[White "AlWynJones"]
[Black "RD1974"]
[Result "1-0"]
[WhiteElo "1470"]
[BlackElo "1589"]
[Opening "English, Kramnik-Shirov counterattack"]
[ECO "A21"]
[Time "15:09:36"]
[PlyCount "157"]
[TimeControl "2700+45"]

1. c4 e5 2. Nc3 Bb4 3. Nd5 Ba5 4. b4 c6 5. bxa5 cxd5 6. cxd5 Nf6 7. Bb2 d6 8. e4
Nxe4 9. Qa4+ Nd7 10. Qxe4 O-O 11. Nf3 Nf6 12. Qc4 Re8 13. Be2 Bg4 14. O-O Rc8
15. Qa4 Bh5 16. Rac1 Nxd5 17. Nd4 Bg6 18. Bb5 Rf8 19. Nf3 a6 20. Rxc8 Qxc8 21.
Qc4 axb5 22. Qxd5 Qc6 23. Qxc6 bxc6 24. Rc1 c5 25. Ng5 h6 26. Nh3 Be4 27. a3 g5
28. f3 Bb7 29. Bc3 f5 30. Nf2 Re8 31. Rb1 Ba6 32. Kf1 Kf7 33. Ke1 Ke6 34. Kd1 d5
35. a4 b4 36. Kc2 Rd8 37. Nd3 Bxd3+ 38. Kxd3 c4+ 39. Kc2 bxc3 40. Rb6+ Kd7 41.
Rxh6 cxd2 42. Kxd2 Ra8 43. a6 d4 44. Rg6 c3+ 45. Kc2 e4 46. Rxg5 Ke6 47. h4 e3
48. Kd3 Ke5 49. g4 c2 50. Rxf5+ Ke6 51. Kxc2 Rc8+ 52. Kd3 Rh8 53. a7 Ra8 54. Ra5
Kf6 55. Kxd4 e2 56. Re5 Rxa7 57. Rxe2 Rxa4+ 58. Ke3 Ra3+ 59. Kf4 Ra1 60. Rh2
Ra4+ 61. Kg3 Ra3 62. h5 Kg7 63. h6+ Kh7 64. g5 Ra6 65. f4 Rb6 66. f5 Rb3+ 67.
Kg4 Rb4+ 68. Kh5 Rf4 69. g6+ Kh8 70. Kg5 Ra4 71. h7 Ra7 72. Re2 Ra8 73. Kf4 Rb8
74. Ke3 Rf8 75. Kd4 Rd8+ 76. Kc5 Kg7 77. Re7+ Kh6 78. Rf7 Kg5 79. g7 {Black
resigns} 1-0

[Event "Team 45 45 League T92"]
[Site "Internet Chess Club"]
[Date "2022.06.02"]
[Round "8"]
[White "cobrabrava"]
[Black "jcule"]
[Result "1-0"]
[WhiteElo "1420"]
[BlackElo "1376"]
[Opening "Robatsch (modern) defense"]
[ECO "B06"]
[Time "16:00:07"]
[PlyCount "45"]
[TimeControl "2700+45"]

1. e4 g6 2. d4 Bg7 3. Nc3 d6 4. Be3 Nd7 5. f4 e5 6. Nf3 exd4 7. Bxd4 Ngf6 8. e5
dxe5 9. fxe5 Nh5 10. Qe2 O-O 11. O-O-O Nf4 12. Qe1 Ne6 13. Bf2 c6 14. Ne4 Qc7
15. Nd6 Rd8 16. Bh4 f6 17. Nxc8 g5 18. exf6 Nxf6 19. Qxe6+ Kh8 20. Ne7 Qf4+ 21.
Rd2 Ne4 22. Bg3 Nxg3 23. Ng6+ {Black resigns} 1-0

[Event "Team 45 45 League T92"]
[Site "Internet Chess Club"]
[Date "2022.06.06"]
[Round "8"]
[White "ElValero"]
[Black "jonesey"]
[Result "0-1"]
[WhiteElo "1782"]
[BlackElo "1889"]
[Opening "Réti opening"]
[ECO "A04"]
[Time "13:00:26"]
[PlyCount "68"]
[TimeControl "2700+45"]

1. Nf3 g6 2. d4 Bg7 3. c3 Nf6 4. Bg5 h6 5. Bh4 d6 6. Nbd2 g5 7. Bg3 Nh5 8. e4
Nxg3 9. fxg3 Nd7 10. Bc4 e6 11. O-O Qe7 12. Qe2 O-O 13. e5 dxe5 14. Nxe5 Nxe5
15. dxe5 Qc5+ 16. Kh1 Qxe5 17. Qh5 Qe3 18. Nb3 Qe4 19. Nd2 Qg6 20. Qf3 Rb8 21.
Rad1 Bd7 22. Bd3 f5 23. g4 Qe8 24. gxf5 exf5 25. Rde1 Qd8 26. Qd5+ Kh8 27. Nb3
Bc6 28. Qxd8 Rbxd8 29. Bxf5 b6 30. Kg1 a5 31. Re7 Bb5 32. Rf3 Rd1+ 33. Kf2 Rf1+
34. Kg3 Rxf3+ {White resigns} 0-1

[Event "Team 45 45 League T92"]
[Site "Internet Chess Club"]
[Date "2022.06.03"]
[Round "8"]
[White "ghowell"]
[Black "kabindra"]
[Result "1-0"]
[WhiteElo "1600"]
[BlackElo "1724"]
[Opening "Ruy Lopez: Schliemann defense"]
[ECO "C63"]
[Time "15:00:15"]
[PlyCount "85"]
[TimeControl "2700+45"]

1. e4 e5 2. Nf3 Nc6 3. Bb5 f5 4. d3 fxe4 5. dxe4 Nf6 6. O-O Bc5 7. Bxc6 bxc6 8.
Nxe5 O-O 9. Bg5 Qe7 10. Nd3 d6 11. Nxc5 dxc5 12. Nc3 h6 13. Bxf6 Qxf6 14. Qd3 a5
15. Qc4+ Kh8 16. Qxc5 Ba6 17. Rfe1 Rab8 18. b3 a4 19. Nxa4 Rb5 20. Qe3 Rg5 21.
Nc5 Bc8 22. e5 Qg6 23. g3 Bg4 24. f4 Rgf5 25. Nd3 Qh5 26. Nf2 Qg6 27. Nxg4 Qxg4
28. e6 Qg6 29. e7 Re8 30. Rad1 Rd5 31. Rxd5 cxd5 32. Qc5 c6 33. Kg2 Kg8 34. h3
Qf6 35. g4 d4 36. f5 h5 37. Qc4+ Kh8 38. Re6 Qg5 39. Qxd4 hxg4 40. Qxg4 Qd2+ 41.
Kg1 Qc1+ 42. Kg2 Qxc2+ 43. Re2 {Black resigns} 1-0

[Event "Team 45 45 League T92"]
[Site "Internet Chess Club"]
[Date "2022.06.03"]
[Round "8"]
[White "jjmolina1"]
[Black "natalieH"]
[Result "1-0"]
[WhiteElo "1466"]
[BlackElo "1089"]
[Opening "Giuoco Piano"]
[ECO "C53"]
[Time "11:00:18"]
[PlyCount "81"]
[TimeControl "2700+45"]

1. e4 e5 2. Nf3 Nc6 3. Bc4 Bc5 4. c3 d6 5. h3 Nf6 6. Qe2 O-O 7. O-O Bd7 8. a3 a6
9. d3 Be6 10. Nbd2 b5 11. Bb3 Na5 12. Bxe6 fxe6 13. b4 Bxf2+ 14. Kxf2 Nc6 15.
Kg1 Nh5 16. Rf2 Qf6 17. Nf1 Qg6 18. Ra2 Ng3 19. Nxg3 Qxg3 20. Qe3 Qg6 21. Qg5
Qxg5 22. Nxg5 Rxf2 23. Rxf2 h6 24. Nxe6 Rc8 25. d4 a5 26. d5 Nd8 27. Nxd8 Rxd8
28. Kf1 Rc8 29. Ke2 c6 30. dxc6 Rxc6 31. Kd3 a4 32. Rf5 Kh7 33. Rf7 Rc4 34. Rd7
Rc6 35. Rb7 Kg6 36. Rxb5 Kh5 37. Be3 Kh4 38. Bf2+ Kg5 39. Rb8 Rc7 40. Rf8 Kg6
41. c4 {Black resigns} 1-0

[Event "Team 45 45 League T92"]
[Site "Internet Chess Club"]
[Date "2022.06.06"]
[Round "8"]
[White "keithuws"]
[Black "isolani"]
[Result "1-0"]
[WhiteElo "1238"]
[BlackElo "1256"]
[Opening "Philidor: Hanham variation"]
[ECO "C41"]
[Time "18:00:36"]
[PlyCount "67"]
[TimeControl "2700+45"]

1. e4 e5 2. Nf3 d6 3. d4 Nd7 4. Nc3 Be7 5. Bc4 Ngf6 6. O-O O-O 7. Be3 c6 8. a4
Nxe4 9. Nxe4 d5 10. Nxe5 Nxe5 11. dxe5 dxc4 12. Nd6 Bxd6 13. exd6 Be6 14. Qd4
Qd7 15. Rad1 b6 16. Rfe1 Rad8 17. Bg5 f6 18. Bh4 Bd5 19. Bg3 Qf5 20. c3 Rfe8 21.
h3 Kf7 22. Rxe8 Rxe8 23. a5 Re4 24. Qd2 Qe6 25. axb6 axb6 26. Ra1 Kg6 27. f3 Re2
28. Qf4 h5 29. Ra7 Rxb2 30. Re7 Qc8 31. d7 Qa6 32. d8=Q Qa1+ 33. Kh2 Qf1 34.
Qe8+ {Black resigns} 1-0

[Event "Team 45 45 League T92"]
[Site "Internet Chess Club"]
[Date "2022.06.05"]
[Round "8"]
[White "sdcohle"]
[Black "Megasus"]
[Result "1/2-1/2"]
[WhiteElo "1355"]
[BlackElo "1517"]
[Opening "Sicilian: closed"]
[ECO "B23"]
[Time "16:00:21"]
[PlyCount "73"]
[TimeControl "2700+45"]

1. e4 c5 2. Nc3 a6 3. g3 b6 4. Bg2 Bb7 5. Nge2 e6 6. O-O Nf6 7. d4 d5 8. dxc5
bxc5 9. exd5 Nxd5 10. Nf4 Be7 11. Ncxd5 exd5 12. Nxd5 Bxd5 13. Qxd5 Qxd5 14.
Bxd5 Ra7 15. Re1 O-O 16. Be3 Nd7 17. Bf3 Ne5 18. Bg2 Nc4 19. Rab1 a5 20. Re2 Rc8
21. c3 Kf8 22. Rbe1 a4 23. b4 axb3 24. axb3 Nxe3 25. Rxe3 Bf6 26. c4 Bd4 27. Rd3
g6 28. Bd5 Rcc7 29. Rb1 Ra2 30. Rf3 Re7 31. Rf1 h5 32. h4 Kg7 33. Kg2 f6 34. Kh3
f5 35. Kg2 Kf6 36. Kh3 Ree2 37. Kg2 {Game drawn by mutual agreement} 1/2-1/2

[Event "Team 45 45 League T92"]
[Site "Internet Chess Club"]
[Date "2022.06.05"]
[Round "8"]
[White "gregorgg"]
[Black "Tjet"]
[Result "1-0"]
[WhiteElo "1403"]
[BlackElo "1261"]
[Opening "Philidor's defense"]
[ECO "C41"]
[Time "15:00:28"]
[PlyCount "59"]
[TimeControl "2700+45"]

1. e4 d6 2. Nf3 e5 3. d4 Bg4 4. dxe5 Bxf3 5. Qxf3 dxe5 6. Bc4 Qf6 7. Qb3 Bc5 8.
O-O Bb6 9. a4 a5 10. Be3 Ne7 11. Bxb6 cxb6 12. Bb5+ Nec6 13. Nc3 O-O 14. Nd5 Qd8
15. Qe3 Nd4 16. Bd3 Nd7 17. c3 Ne6 18. Rad1 Ndc5 19. Bb5 f5 20. exf5 Rxf5 21. b4
axb4 22. cxb4 Nd7 23. Bxd7 Qxd7 24. Nf6+ gxf6 25. Rxd7 Nd4 26. Qh6 Ne2+ 27. Kh1
Ng3+ 28. hxg3 Rg5 29. Qxh7+ Kf8 30. Qf7# {Black checkmated} 1-0

[Event "Team 45 45 League T92"]
[Site "Internet Chess Club"]
[Date "2022.06.05"]
[Round "8"]
[White "arconia"]
[Black "rhayder"]
[Result "0-1"]
[WhiteElo "1106"]
[BlackElo "1044"]
[Opening "Caro-Kann defense"]
[ECO "B10"]
[Time "18:04:50"]
[PlyCount "108"]
[TimeControl "2700+45"]

1. e4 c6 2. Nf3 d5 3. e5 Bg4 4. d4 e6 5. Be2 c5 6. c3 Nc6 7. O-O cxd4 8. cxd4
Nge7 9. Bg5 Qb6 10. b3 Nf5 11. Nc3 Bxf3 12. Bxf3 Ncxd4 13. Bg4 Rc8 14. Ne2 Nxe2+
15. Bxe2 Qd4 16. Bb5+ Rc6 17. Bxc6+ bxc6 18. Qxd4 Nxd4 19. Kh1 a5 20. Rac1 c5
21. f4 h6 22. Bh4 g5 23. fxg5 Nf5 24. Bf2 hxg5 25. Bxc5 Ng3+ 26. Kg1 Nxf1 27.
Kxf1 Bxc5 28. Rxc5 Rxh2 29. Rxa5 Rh1+ 30. Kf2 Rh4 31. b4 Rxb4 32. a4 Re4 33. Ra6
Rxe5 34. a5 d4 35. Ra8+ Ke7 36. Ra7+ Kf6 37. Rd7 Rxa5 38. Rxd4 Rf5+ 39. Kg3 Rf4
40. Rxf4+ gxf4+ 41. Kxf4 Kg6 42. Ke5 Kg5 43. Ke4 Kg4 44. Ke5 Kg3 45. Kf6 Kxg2
46. Kxf7 e5 47. Kf6 e4 48. Kf5 e3 49. Kf4 e2 50. Ke3 e1=Q+ 51. Kd3 Kf3 52. Kd4
Qe3+ 53. Kd5 Qe4+ 54. Kc5 Qd3 {White resigns} 0-1

[Event "Team 45 45 League T92"]
[Site "Internet Chess Club"]
[Date "2022.06.05"]
[Round "8"]
[White "Gojira"]
[Black "oldsj"]
[Result "1-0"]
[WhiteElo "1549"]
[BlackElo "1419"]
[Opening "Queen's pawn: Chigorin variation"]
[ECO "D00"]
[Time "09:00:25"]
[PlyCount "109"]
[TimeControl "2700+45"]

1. d4 d5 2. Nc3 Nf6 3. Bf4 e6 4. e3 Bd6 5. Bg3 O-O 6. Bd3 Nbd7 7. Nf3 h6 8. Ne5
Bxe5 9. dxe5 Nh7 10. h4 f5 11. exf6 Nhxf6 12. Be2 Nc5 13. Bf3 c6 14. Qd4 b6 15.
O-O-O Bb7 16. Be5 Ncd7 17. Bd6 c5 18. Qa4 Rf7 19. Bg3 a6 20. h5 c4 21. Qb4 Nc5
22. Na4 Nce4 23. Bh4 Qc7 24. Qxb6 Qxb6 25. Nxb6 Rb8 26. Bxe4 Nxe4 27. f3 Nd6 28.
Bg3 Rd8 29. Bxd6 Rxd6 30. Nxc4 Rd8 31. Rh4 Rdf8 32. Nd6 Rd7 33. Nxb7 Rxb7 34.
Ra4 Rb6 35. Rd3 Rfb8 36. Rb3 Rxb3 37. axb3 Rb6 38. c4 dxc4 39. bxc4 Kf8 40. c5
Rc6 41. b4 Ke7 42. Kd2 Kf6 43. g4 Kg5 44. Kd3 Kh4 45. Kc4 Kg3 46. b5 axb5+ 47.
Kxb5 Rc8 48. Rf4 e5 49. Rf7 e4 50. fxe4 Kxg4 51. Rxg7+ Kxh5 52. c6 Rb8+ 53. Kc5
Rb3 54. c7 Rxe3 55. Kd4 {Black resigns} 1-0